Map: Romanticide LE

Players

ViBE - Winner!

  • Race: Terran Terran
  • League: Diamond

HoldThatDoor

  • Race: Protoss Protoss
  • League: Platinum

VOD

Have the link to the VOD?

Description

Time

  • Played on: April 7, 2021, 9:36 p.m.
  • Length: 15:09
Show
View Real Time Build Order
Export as new Build Order

ViBE Terran - Winner!

Build Orders:  

Get SALT Encoding   

  12  0:00  SCV  
  13  0:12  SCV  
  14  0:19  Supply Depot  
  14  0:24  SCV  
  15  0:40  SCV  
  15  0:42  Barracks  
  16  0:45  Refinery  
  16  0:52  SCV  
  17  1:04  SCV  
  18  1:18  SCV  
  19  1:32  Marine, Orbital Command  
  19  1:38  Command Center  
  20  1:53  Supply Depot  
  20  2:02  Marine  
  20  2:05  SCV  
  22  2:16  Factory  
  22  2:18  SCV  
  23  2:24  Bunker  
  23  2:30  SCV  
  23  2:34  Barracks Reactor  
  24  2:42  SCV  
  25  2:50  Orbital Command  
  25  2:56  SCV  
  26  3:00  Barracks  
  26  3:02  Factory Tech Lab  
  26  3:08  SCV  
  26  3:09  Marine  
  26  3:10  Marine  
  29  3:16  SCV  
  30  3:20  SCV  
  30  3:26  Siege Tank  
  34  3:27  Marine  
  34  3:28  Marine  
  34  3:34  Supply Depot  
  36  3:37  SCV x2  
  38  3:46  Marine  
  38  3:47  Marine  
  38  3:48  Barracks Tech Lab  
  40  3:49  SCV x2  
  40  3:52  Refinery, Command Center  
  42  3:58  Supply Depot  
  42  4:01  SCV x2  
  44  4:13  SCV x2  
  44  4:17  Supply Depot  
  46  4:18  Marine x2  
  46  4:19  Marine  
  46  4:21  Supply Depot  
  49  4:24  Starport  
  49  4:25  SCV x2  
  51  4:36  Marine x3  
  51  4:37  SCV x2  
  56  4:44  Supply Depot, Siege Tank  
  59  4:49  SCV x2  
  61  4:54  Marine x3  
  64  5:01  SCV  
  64  5:03  SCV  
  64  5:04  Refinery  
  64  5:05  Refinery  
  67  5:07  Supply Depot  
  67  5:09  Orbital Command  
  67  5:10  Starport Reactor  
  67  5:13  SCV  
  67  5:15  SCV  
  68  5:21  Engineering Bay  
  68  5:22  Marine x2, Engineering Bay  
  68  5:23  Marine  
  68  5:25  SCV  
  66  5:30  SCV, Stimpack  
  66  5:35  SCV  
  63  5:38  SCV  
  64  5:42  SCV  
  64  5:47  SCV  
  65  5:50  SCV  
  65  5:54  SCV  
  67  5:59  SCV  
  67  6:02  SCV  
  69  6:07  SCV  
  70  6:11  Supply Depot, SCV  
  70  6:14  SCV  
  70  6:17  Terran Infantry Armor Level 1, Terran Infantry Weapons Level 1  
  72  6:19  SCV  
  72  6:20  Orbital Command  
  73  6:26  SCV  
  73  6:31  SCV  
  74  6:35  Siege Tank  
  74  6:36  Marine x3  
  74  6:38  SCV  
  81  6:46  Supply Depot  
  81  6:54  Marine x3, SCV, Barracks  
  81  6:55  SCV, Barracks  
  81  6:57  Barracks  
  85  7:07  SCV x2  
  84  7:08  SCV  
  84  7:12  Marine  
  80  7:19  SCV x2  
  80  7:20  SCV  
  76  7:31  SCV x2  
  76  7:32  SCV  
  76  7:34  Medivac  
  80  7:37  Medivac  
  80  7:43  SCV x2  
  82  7:44  Siege Tank  
  82  7:45  SCV  
  82  7:48  Refinery  
  82  7:49  Combat Shield  
  82  7:50  Refinery  
  86  7:55  SCV x2  
  86  7:57  SCV  
  89  8:03  Missile Turret  
  89  8:08  SCV x2  
  89  8:09  SCV  
  89  8:10  Barracks Reactor x3  
  92  8:14  Armory  
  92  8:19  Marine x3, Command Center  
  95  8:20  SCV x2  
  95  8:21  SCV  
  98  8:32  SCV x2, Medivac x2  
  98  8:33  SCV  
  105  8:37  Marine x3  
  108  8:44  SCV x2  
  108  8:45  SCV  
  108  8:47  Barracks x2  
  111  8:51  Barracks  
  111  8:54  Marine  
  112  8:56  SCV x2  
  112  8:57  SCV  
  112  8:58  Marine x2  
  117  9:23  Supply Depot x2, Terran Vehicle Weapons Level 1  
  117  9:24  Supply Depot  
  117  9:25  Supply Depot  
  117  9:26  Supply Depot  
  117  9:30  Marine x6, Thor, SCV x3  
  132  9:33  Command Center  
  132  9:39  Barracks Reactor x3  
  132  9:44  Marine x3, SCV x3, Medivac  
  132  9:45  Medivac  
  142  9:47  Terran Infantry Armor Level 2, Terran Infantry Weapons Level 2  
  142  9:48  Marine x6  
  148  9:56  SCV x3  
  148  9:57  Planetary Fortress  
  151  10:08  SCV x3  
  152  10:17  Marine x15  
  152  10:20  SCV x3  
  164  10:25  Thor  
  164  10:26  Medivac  
  172  10:29  Medivac  
  172  10:33  SCV x3  
  172  10:35  Marine x2  
  169  10:41  Supply Depot x2  
  169  10:42  Supply Depot  
  169  10:44  Marine x11  
  169  10:45  Marine, SCV x2  
  181  10:59  Marine  
  181  11:00  Marine x2  
  181  11:01  Marine, Medivac  
  181  11:02  Marine x3, Medivac  
  192  11:06  Barracks  
  192  11:07  Barracks  
  192  11:09  Barracks  
  192  11:10  Barracks  
  192  11:11  Planetary Fortress, Barracks  
  192  11:19  Thor, Marine  
  192  11:20  Marine  
  196  11:38  Marine x15  
  168  11:40  Medivac x2  
  156  11:47  Starport, Factory  
  156  11:49  Barracks x2  
  156  11:50  Barracks  
  156  11:56  Marine x2  
  156  12:01  Barracks Tech Lab x4  
  158  12:04  Marine x11, Marauder  
  158  12:06  Thor  
  177  12:10  Terran Infantry Armor Level 3, Terran Infantry Weapons Level 3  
  177  12:12  Terran Vehicle Weapons Level 2  
  177  12:25  Starport Reactor  
  177  12:30  Factory Tech Lab  
  177  12:32  Command Center  
  177  12:33  Barracks Reactor  
  177  12:37  Barracks Reactor x3  
  177  12:40  Marauder x4  
  183  12:46  Missile Turret  
  183  12:48  Missile Turret  
  183  12:52  Missile Turret x2  
  183  12:56  Missile Turret  
  183  12:58  Missile Turret  
  183  13:03  Missile Turret  
  183  13:07  Missile Turret  
  183  13:08  Marine  
  183  13:09  Marine x6, Marauder x5, Missile Turret  
  196  13:21  SCV x4  
  196  13:30  Marauder  
  196  13:33  SCV x2  
  200  13:38  Command Center  
  200  13:40  Missile Turret  
  179  13:43  Missile Turret  
  179  13:45  Marine x2, Marauder x2, Missile Turret  
  179  13:46  Marine x20, Marauder x2  
  179  13:47  Thor  
  200  13:50  Planetary Fortress  
  193  14:07  Marauder x3  
  193  14:08  SCV  
  192  14:41  SCV x3  
  192  14:42  SCV x2  
  192  14:44  Marine x3  
  200  14:50  Missile Turret  
Show
View Real Time Build Order
Export as new Build Order

HoldThatDoor Protoss 

Build Orders: Blink Stalkers 

Get SALT Encoding   

  12  0:00  Probe  
  13  0:12  Probe  
  14  0:17  Pylon  
  14  0:24  Probe  
  15  0:37  Gateway  
  15  0:42  Probe (Chrono Boost)  
  16  0:47  Assimilator  
  16  0:52  Probe (Chrono Boost)  
  16  0:57  Probe (Chrono Boost)  
  18  1:09  Probe  
  19  1:21  Probe (Chrono Boost)  
  19  1:24  Cybernetics Core  
  20  1:28  Pylon  
  20  1:32  Assimilator  
  21  1:33  Probe (Chrono Boost)  
  21  1:40  Probe (Chrono Boost)  
  22  1:47  Probe  
  23  2:00  Stalker  
  25  2:01  Warp Gate (Chrono Boost)  
  25  2:07  Gateway  
  24  2:17  Twilight Council  
  24  2:34  Nexus  
  24  2:51  Blink (Chrono Boost), Gateway  
  24  3:04  Robotics Facility  
  24  3:18  Pylon  
  24  3:22  Gateway  
  24  3:37  Stalker  
  24  3:41  Pylon  
  26  3:44  Stalker  
  28  3:52  Observer  
  29  3:56  Stalker  
  29  3:59  Probe  
  32  4:10  Stalker  
  32  4:15  Stalker  
  36  4:23  Stalker  
  38  4:32  Observer  
  38  4:35  Stalker  
  41  4:45  Stalker  
  31  5:44  Charge (Chrono Boost)  
  31  5:46  Stalker x4  
  31  5:48  Probe (Chrono Boost)  
  37  5:53  Probe (Chrono Boost)  
  38  5:57  Probe (Chrono Boost)  
  38  6:01  Probe (Chrono Boost)  
  38  6:02  Probe (Chrono Boost)  
  40  6:12  Probe  
  40  6:14  Probe  
  42  6:19  Templar Archives  
  42  6:23  Nexus  
  42  6:24  Probe  
  42  6:25  Pylon  
  37  7:33  Probe x2  
  37  7:37  Assimilator, High Templar x3  
  39  7:39  Assimilator, Zealot  
  43  7:44  Gateway  
  43  7:45  Gateway, Probe x2  
  43  7:48  Gateway  
  43  7:50  Gateway  
  43  7:51  Psionic Storm, Probe  
  45  7:53  Pylon  
  45  7:57  Pylon, Probe x2  
  48  8:03  Probe  
  49  8:09  Probe  
  49  8:10  Probe  
  51  8:14  Pylon  
  51  8:18  Probe  
  52  8:21  Probe  
  52  8:22  Zealot x4, Probe  
  61  8:30  Probe  
  61  8:33  Probe  
  61  8:34  Forge, Probe  
  64  8:36  Forge  
  64  8:39  Immortal (Chrono Boost)  
  68  8:53  Assimilator  
  69  8:55  Probe  
  69  8:56  Probe x2  
  69  8:58  Assimilator  
  71  9:03  High Templar x2  
  71  9:04  Zealot x2  
  71  9:07  Probe  
  80  9:11  Observer (Chrono Boost)  
  81  9:18  Stalker  
  83  9:26  Immortal (Chrono Boost)  
  83  9:28  Probe x2  
  83  9:30  Zealot x4  
  97  9:36  Protoss Ground Weapons Level 1 (Chrono Boost), Protoss Ground Armor Level 1 (Chrono Boost)  
  97  9:49  Dark Shrine  
  97  9:59  Immortal (Chrono Boost)  
  74  10:22  Stalker  
  74  10:23  Stalker x5  
  83  10:45  Probe x3  
  86  10:57  Probe  
  86  11:00  Immortal  
  86  11:03  High Templar  
  93  11:06  High Templar  
  95  11:14  Probe x2  
  49  11:49  Zealot x4  
  49  11:50  Zealot x3  
  63  12:06  Zealot  
  65  12:09  Dark Templar  
  65  12:10  Dark Templar x2  
  71  12:25  Zealot x3  
  77  12:51  Zealot x3  
  77  12:52  Zealot x3  
  80  13:28  Zealot x5  
  80  13:29  Zealot x2  
  58  13:50  Zealot x4  
  58  13:51  Zealot  
  64  14:07  Stalker x3  
  68  14:16  Probe (Chrono Boost)  
  68  14:18  Probe (Chrono Boost)  
  40  14:42  Zealot x3  
  40  14:43  Zealot x3  
Tags
 
Add a new tag
Caveats
  • Supply blocks, unpowered buildings, or Contaminate may cause inaccurate times.
  • Supply counts are checked every 10 seconds.